| TOP OF THE 1ST |
|
Decatur Commodores batting - Pitching for Waterloo Hawks : RHP Albert Arrieta
|
|
Pitching: RHP Albert Arrieta
|
|
|
Batting: LHB Alexis Marte
|
0-0: Ball 1-0: Called Strike 1-1: Ball 2-1: Foul Ball, location: 2F 2-2: Ground out 6-3 (Groundball, 6, EV 84.4 MPH)
|
|
Batting: SHB Roger Holt
|
0-0: Foul Ball, location: 2F 0-1: Ball 1-1: Ground out U3 (Groundball, 34, EV 93.1 MPH)
|
|
Batting: SHB Daniel Wieser
|
0-0: Ball 1-0: Called Strike 1-1: TRIPLE (Flyball, 89XD, EV 96.3 MPH)
|
|
Batting: LHB David Showalter
|
0-0: Ball 1-0: Ball 2-0: Foul Ball, location: 2F 2-1: Called Strike 2-2: Ball 3-2: Ground out 3-1 (Groundball, 34S, EV 85.0 MPH)
|
| Top of the 1st over - 0 runs, 1 hit, 0 errors, 1 left on base; Decatur 0 - Waterloo 0 |
| BOTTOM OF THE 1ST |
|
Waterloo Hawks batting - Pitching for Decatur Commodores : LHP Rob Murphy
|
|
Pitching: LHP Rob Murphy
|
|
|
Batting: RHB Edward Irvine
|
0-0: Fly out, F3 (Popup, 34, EV 66.9 MPH)
|
|
Batting: RHB Mark Sheehy
|
0-0: Swinging Strike 0-1: Ball 1-1: Foul Ball, location: 2F 1-2: Ball 2-2: Ball 3-2: Foul Ball, location: 2F 3-2: Foul Ball, location: 2F 3-2: SINGLE (Groundball, 25, EV 67.5 MPH) (infield hit)
|
|
Batting: RHB Tony Evans
|
0-0: Grounds into double play, 4-6-3 (Groundball, 34, EV 91.9 MPH)
|
| Bottom of the 1st over - 0 runs, 1 hit, 0 errors, 0 left on base; Decatur 0 - Waterloo 0 |
| TOP OF THE 2ND |
|
Decatur Commodores batting - Pitching for Waterloo Hawks : RHP Albert Arrieta
|
|
Batting: SHB Rondin Johnson
|
0-0: Called Strike 0-1: Ball 1-1: Ball 2-1: Ground out U3 (Groundball, 34, EV 106.9 MPH)
|
|
Batting: LHB Jerry Miller
|
0-0: Called Strike 0-1: Ground out 6-3 (Groundball, 6, EV 89.4 MPH)
|
|
Batting: RHB Clifton Wilder
|
0-0: Ball 1-0: Foul Ball, location: 2F 1-1: Ball 2-1: Fly out, F7 (Flyball, 7S, EV 84.4 MPH)
|
| Top of the 2nd over - 0 runs, 0 hits, 0 errors, 0 left on base; Decatur 0 - Waterloo 0 |
| BOTTOM OF THE 2ND |
|
Waterloo Hawks batting - Pitching for Decatur Commodores : LHP Rob Murphy
|
|
Batting: RHB Carmelo Aguayo
|
0-0: Called Strike 0-1: Ball 1-1: SINGLE (Line Drive, 89S, EV 92.5 MPH)
|
|
Batting: LHB Burk Goldthorn
|
0-0: Grounds into double play, 1-6-3 (Groundball, 13, EV 68.8 MPH)
|
|
Batting: RHB Jay Loviglio
|
0-0: Ball 1-0: Fly out, F7 (Line Drive, 7, EV 98.1 MPH)
|
| Bottom of the 2nd over - 0 runs, 1 hit, 0 errors, 0 left on base; Decatur 0 - Waterloo 0 |
| TOP OF THE 3RD |
|
Decatur Commodores batting - Pitching for Waterloo Hawks : RHP Albert Arrieta
|
|
Batting: LHB Samuel Taves
|
0-0: Called Strike 0-1: Called Strike 0-2: Ground out 4-3 (Groundball, 4, EV 110.6 MPH)
|
|
Batting: RHB Rex Farrior
|
0-0: Called Strike 0-1: Swinging Strike 0-2: Ball 1-2: Ball 2-2: SINGLE (Line Drive, 8LS, EV 106.3 MPH)
|
|
Batting: LHB Alexis Marte
|
0-0: Called Strike 0-1: Foul Ball, location: 2F 0-2: Strikes out swinging
|
|
Batting: SHB Roger Holt
|
0-0: Ball 1-0: Foul Ball, location: 2F 1-1: Swinging Strike 1-2: Foul Ball, location: 2F 1-2: Ground out 4-3 (Groundball, 4, EV 81.3 MPH)
|
| Top of the 3rd over - 0 runs, 1 hit, 0 errors, 1 left on base; Decatur 0 - Waterloo 0 |
| BOTTOM OF THE 3RD |
|
Waterloo Hawks batting - Pitching for Decatur Commodores : LHP Rob Murphy
|
|
Batting: RHB Michael Williams
|
0-0: Called Strike 0-1: Swinging Strike 0-2: Strikes out looking
|
|
Batting: RHB Kean Rich
|
0-0: Called Strike 0-1: Called Strike 0-2: Ball 1-2: Foul Ball, location: 2F 1-2: Strikes out looking
|
|
Batting: RHB David Cusack
|
0-0: Foul Ball, location: 2F 0-1: Foul Ball, location: 2F 0-2: Ball 1-2: Ball 2-2: Ball 3-2: Foul Ball, location: 2F 3-2: Foul Ball, location: 2F 3-2: Foul Ball, location: 2F 3-2: Foul Ball, location: 2F 3-2: Foul Ball, location: 2F 3-2: Base on Balls
|
|
Batting: RHB Edward Irvine
|
0-0: Called Strike 0-1: Called Strike 0-2: Strikes out looking
|
| Bottom of the 3rd over - 0 runs, 0 hits, 0 errors, 1 left on base; Decatur 0 - Waterloo 0 |
| TOP OF THE 4TH |
|
Decatur Commodores batting - Pitching for Waterloo Hawks : RHP Albert Arrieta
|
|
Batting: SHB Daniel Wieser
|
0-0: Ball 1-0: Foul Ball, location: 2F 1-1: Foul Ball, location: 2F 1-2: Ball 2-2: Ground out 6-3 (Groundball, 6S, EV 83.8 MPH)
|
|
Batting: LHB David Showalter
|
0-0: Called Strike 0-1: Foul Ball, location: 2F 0-2: Ball 1-2: Ground out 6-3 (Groundball, 6, EV 79.4 MPH)
|
|
Batting: SHB Rondin Johnson
|
0-0: Called Strike 0-1: Ball 1-1: Foul Ball, location: 2F 1-2: Fly out, F9 (Flyball, 89S, EV 82.5 MPH)
|
| Top of the 4th over - 0 runs, 0 hits, 0 errors, 0 left on base; Decatur 0 - Waterloo 0 |
| BOTTOM OF THE 4TH |
|
Waterloo Hawks batting - Pitching for Decatur Commodores : LHP Rob Murphy
|
|
Batting: RHB Mark Sheehy
|
0-0: Ball 1-0: Ground out 6-3 (Groundball, 6, EV 104.4 MPH)
|
|
Batting: RHB Tony Evans
|
0-0: Fly out, F5 (Line Drive, 5, EV 74.4 MPH)
|
|
Batting: RHB Carmelo Aguayo
|
0-0: Swinging Strike 0-1: Ball 1-1: Fly out, F8 (Flyball, 78S, EV 86.9 MPH)
|
| Bottom of the 4th over - 0 runs, 0 hits, 0 errors, 0 left on base; Decatur 0 - Waterloo 0 |
| TOP OF THE 5TH |
|
Decatur Commodores batting - Pitching for Waterloo Hawks : RHP Albert Arrieta
|
|
Batting: LHB Jerry Miller
|
0-0: Ball 1-0: Called Strike 1-1: Ball 2-1: Ball 3-1: Base on Balls
|
|
Batting: RHB Clifton Wilder
|
0-0: Ball 1-0: Called Strike 1-1: Called Strike 1-2: Ball 2-2: Ball 3-2: Strikes out swinging
|
|
Batting: LHB Samuel Taves
|
0-0: Called Strike 0-1: Fly out, F8 (Flyball, 8RXD, EV 91.9 MPH)
|
|
Batting: RHB Rex Farrior
|
0-0: Ball 1-0: Foul Ball, location: 2F 1-1: Ball 2-1: Ball 3-1: Called Strike 3-2: SINGLE (Groundball, 56D, EV 98.1 MPH) Jerry Miller to second Jerry Miller to third
|
|
Batting: LHB Alexis Marte
|
0-0: Foul Ball, location: 2F 0-1: Ball Wild Pitch! Jerry Miller scores Rex Farrior to second 1-1: Swinging Strike 1-2: Foul Ball, location: 2F 1-2: Ground out 6-3 (Groundball, 6, EV 106.9 MPH)
|
| Top of the 5th over - 1 run, 1 hit, 0 errors, 1 left on base; Decatur 1 - Waterloo 0 |
| BOTTOM OF THE 5TH |
|
Waterloo Hawks batting - Pitching for Decatur Commodores : LHP Rob Murphy
|
|
Batting: LHB Burk Goldthorn
|
0-0: Ball 1-0: Called Strike 1-1: Ground out 4-3 (Groundball, 4MD, EV 78.8 MPH)
|
|
Batting: RHB Jay Loviglio
|
0-0: Called Strike 0-1: Ball 1-1: SOLO HOME RUN (Flyball, 9LD, EV 101.9 MPH), Distance : 371 ft
|
|
Batting: RHB Michael Williams
|
0-0: Ball 1-0: Foul Ball, location: 2F 1-1: Foul Ball, location: 2F 1-2: Foul Ball, location: 2F 1-2: Ball 2-2: Fly out, F2 (Popup, 15S, EV 88.1 MPH)
|
|
Batting: RHB Kean Rich
|
0-0: Ball 1-0: Ball 2-0: Ball 3-0: Base on Balls
|
|
Batting: RHB David Cusack
|
0-0: Ball 1-0: Foul Ball, location: 2F 1-1: DOUBLE (Flyball, 8LXD, EV 92.5 MPH) Kean Rich to third Runner from 3rd tries for Home, SAFE, no throw by CF
|
|
Batting: RHB Edward Irvine
|
0-0: Ball 1-0: Ball 2-0: Ball 3-0: Called Strike 3-1: Ground out 6-3 (Groundball, 6, EV 94.4 MPH)
|
| Bottom of the 5th over - 2 runs, 2 hits, 0 errors, 1 left on base; Decatur 1 - Waterloo 2 |
| TOP OF THE 6TH |
|
Decatur Commodores batting - Pitching for Waterloo Hawks : RHP Albert Arrieta
|
|
Batting: SHB Roger Holt
|
0-0: Foul Ball, location: 2F 0-1: Called Strike 0-2: SINGLE (Line Drive, 89M, EV 103.8 MPH)
|
|
Batting: SHB Daniel Wieser
|
0-0: Ball 1-0: Fly out, F8 (Flyball, 78D, EV 96.9 MPH) Runner from 1st tags up, SAFE at 2nd
|
|
Batting: LHB David Showalter
|
0-0: Ball 1-0: Swinging Strike 1-1: Ball 2-1: Called Strike 2-2: Ball 3-2: Base on Balls
|
|
Batting: SHB Rondin Johnson
|
0-0: Ball 1-0: SINGLE (Line Drive, 4MD, EV 103.8 MPH) Roger Holt to third David Showalter to second Runner from 3rd tries for Home, SAFE, throw by CF to home
|
|
Batting: LHB Jerry Miller
|
0-0: Ball 1-0: Called Strike 1-1: Ball 2-1: Foul Ball, location: 2F 2-2: Fielders Choice at 2nd, 4-6 (Groundball, 4, EV 91.3 MPH) David Showalter to third
|
|
Batting: RHB Clifton Wilder
|
0-0: Ball 1-0: Fielders Choice at 2nd, 6-4 (Groundball, 6MD, EV 81.3 MPH)
|
| Top of the 6th over - 1 run, 2 hits, 0 errors, 2 left on base; Decatur 2 - Waterloo 2 |
| BOTTOM OF THE 6TH |
|
Waterloo Hawks batting - Pitching for Decatur Commodores : LHP Rob Murphy
|
|
Batting: RHB Mark Sheehy
|
0-0: Ball 1-0: Ball 2-0: Fly out, F6 (Line Drive, 6, EV 63.8 MPH)
|
|
Batting: RHB Tony Evans
|
0-0: Ball 1-0: Called Strike 1-1: Called Strike 1-2: Ball 2-2: Foul Ball, location: 2F 2-2: Ball 3-2: Base on Balls
|
|
Batting: RHB Carmelo Aguayo
|
0-0: SINGLE (Groundball, 56D, EV 94.4 MPH) Tony Evans to second
|
|
Batting: LHB Burk Goldthorn
|
0-0: Ball 1-0: Ball 2-0: Ball 3-0: Called Strike 3-1: Base on Balls Tony Evans to third Carmelo Aguayo to second
|
|
Batting: RHB Jay Loviglio
|
0-0: Ball 1-0: Called Strike 1-1: Fly out, F8 (Flyball, 8LD, EV 83.1 MPH) Runner from 3rd tags up, SCORES, throw by CF Carmelo Aguayo to third
|
|
Batting: RHB Michael Williams
|
0-0: Ball 1-0: Called Strike 1-1: Called Strike 1-2: Ball 2-2: Foul Ball, location: 2F 2-2: Ball 3-2: Foul Ball, location: 2F 3-2: DOUBLE (Line Drive, 89D, EV 100.0 MPH) Carmelo Aguayo scores Burk Goldthorn to third Burk Goldthorn scores
|
|
Pitching: RHP William Martin
|
|
|
Batting: RHB Kean Rich
|
0-0: SINGLE (Line Drive, 4MD, EV 103.1 MPH) Michael Williams to third Runner from 3rd tries for Home, SAFE, throw by CF to home
|
|
Batting: RHB David Cusack
|
0-0: Called Strike 0-1: Ball 1-1: Ball 2-1: Swinging Strike 2-2: Ball 3-2: Strikes out swinging
|
| Bottom of the 6th over - 4 runs, 3 hits, 0 errors, 1 left on base; Decatur 2 - Waterloo 6 |
| TOP OF THE 7TH |
|
Decatur Commodores batting - Pitching for Waterloo Hawks : RHP Albert Arrieta
|
|
Batting: LHB Samuel Taves
|
0-0: Ball 1-0: Called Strike 1-1: Fly out, F7 (Flyball, 7, EV 93.1 MPH)
|
|
Batting: RHB Rex Farrior
|
0-0: Ground out 6-3 (Groundball, 6D, EV 101.9 MPH)
|
|
Batting: LHB Alexis Marte
|
0-0: SINGLE (Groundball, 34D, EV 106.3 MPH)
|
|
Batting: SHB Roger Holt
|
0-0: SINGLE (Flyball, 89S, EV 91.9 MPH) Alexis Marte to second Runner from 2nd tries for 3rd, SAFE, throw by RF made to third
|
|
Batting: SHB Daniel Wieser
|
0-0: Ball 1-0: Foul Ball, location: 2F 1-1: Called Strike 1-2: SINGLE (Groundball, 6D, EV 98.8 MPH) Alexis Marte scores Roger Holt to second
|
|
Batting: LHB David Showalter
|
0-0: SINGLE (Groundball, 4D, EV 105.6 MPH) Roger Holt to third Daniel Wieser to second Runner from 3rd tries for Home, throw by RF and OUT! 9-2
|
| Top of the 7th over - 1 run, 4 hits, 0 errors, 2 left on base; Decatur 3 - Waterloo 6 |
| BOTTOM OF THE 7TH |
|
Waterloo Hawks batting - Pitching for Decatur Commodores : RHP William Martin
|
|
Batting: RHB Edward Irvine
|
0-0: Swinging Strike 0-1: Fly out, F9 (Flyball, 9LD, EV 87.5 MPH)
|
|
Batting: RHB Mark Sheehy
|
0-0: Ball 1-0: Called Strike 1-1: SINGLE (Flyball, 3D, EV 86.9 MPH)
|
|
Batting: RHB Tony Evans
|
0-0: Ball 1-0: Ball 2-0: Ball 3-0: Called Strike 3-1: Foul Ball, location: 2F 3-2: Grounds into double play, 6-4-3 (Groundball, 6, EV 102.5 MPH)
|
| Bottom of the 7th over - 0 runs, 1 hit, 0 errors, 0 left on base; Decatur 3 - Waterloo 6 |
| TOP OF THE 8TH |
|
Decatur Commodores batting - Pitching for Waterloo Hawks : RHP Albert Arrieta
|
|
Batting: SHB Rondin Johnson
|
0-0: Foul Ball, location: 2F 0-1: Ball 1-1: Ball 2-1: SINGLE (Groundball, 56, EV 100.0 MPH)
|
|
Batting: LHB Jerry Miller
|
0-0: Called Strike 0-1: Ball 1-1: DOUBLE (Flyball, 78D, EV 93.8 MPH) Rondin Johnson to third
|
|
Batting: RHB Clifton Wilder
|
0-0: Called Strike 0-1: Ball 1-1: Ground out 5-3 (Groundball, 56, EV 78.1 MPH) Rondin Johnson scores
|
|
Batting: LHB Samuel Taves
|
0-0: Ball 1-0: Foul Ball, location: 2F 1-1: Fly out, F9 (Flyball, 9, EV 76.9 MPH)
|
|
Batting: RHB Rex Farrior
|
0-0: Ball 1-0: SINGLE (Groundball, 56D, EV 97.5 MPH) Jerry Miller to third Runner from 3rd tries for Home, SAFE, throw by LF to home Rex Farrior to second
|
|
Batting: LHB Alexis Marte
|
0-0: Ball 1-0: Ball 2-0: Foul Ball, location: 2F 2-1: Ground out 6-3 (Groundball, 6M, EV 80.6 MPH)
|
| Top of the 8th over - 2 runs, 3 hits, 0 errors, 1 left on base; Decatur 5 - Waterloo 6 |
| BOTTOM OF THE 8TH |
|
Waterloo Hawks batting - Pitching for Decatur Commodores : RHP William Martin
|
|
Batting: RHB Carmelo Aguayo
|
0-0: Called Strike 0-1: Called Strike 0-2: Ball 1-2: Strikes out swinging
|
|
Batting: LHB Burk Goldthorn
|
0-0: Foul Ball, location: 2F 0-1: Ball 1-1: Foul Ball, location: 2F 1-2: Foul Ball, location: 2F 1-2: Ball 2-2: Ball 3-2: Ground out 6-3 (Groundball, 6, EV 100.0 MPH)
|
|
Batting: RHB Jay Loviglio
|
0-0: Ball 1-0: Ball 2-0: Called Strike 2-1: Called Strike 2-2: Foul Ball, location: 2F 2-2: Foul Ball, location: 2F 2-2: Ball 3-2: Base on Balls
|
|
Pitching: RHP Ty Hubbard
|
|
|
Batting: RHB Michael Williams
|
0-0: Ball 1-0: Ball 2-0: Ball 3-0: Foul Ball, location: 2F 3-1: Base on Balls Jay Loviglio to second
|
|
Batting: RHB Kean Rich
|
0-0: Called Strike 0-1: SINGLE (Line Drive, 8LS, EV 105.0 MPH) Jay Loviglio to third Michael Williams to second Runner from 3rd tries for Home, SAFE, throw by CF to home
|
|
Batting: RHB David Cusack
|
0-0: Foul Ball, location: 2F 0-1: Ball 1-1: Foul Ball, location: 2F 1-2: Foul Ball, location: 2F 1-2: Fielders Choice at 2nd, 6-4 (Groundball, 6, EV 87.5 MPH)
|
| Bottom of the 8th over - 1 run, 1 hit, 0 errors, 2 left on base; Decatur 5 - Waterloo 7 |
| TOP OF THE 9TH |
|
Decatur Commodores batting - Pitching for Waterloo Hawks : RHP Albert Arrieta
|
|
Batting: SHB Roger Holt
|
0-0: Fly out, F9 (Flyball, 9, EV 95.6 MPH)
|
|
Batting: SHB Daniel Wieser
|
0-0: Called Strike 0-1: Foul Ball, location: 2F 0-2: Ball 1-2: Foul Ball, location: 2F 1-2: Ball 2-2: Ground out 4-3 (Groundball, 4, EV 100.6 MPH)
|
|
Batting: LHB David Showalter
|
0-0: SINGLE (Groundball, 4MD, EV 101.3 MPH)
|
|
Batting: SHB Rondin Johnson
|
0-0: Swinging Strike 0-1: Foul Ball, location: 2F 0-2: Ground out 4-3 (Groundball, 4, EV 105.6 MPH)
|
| Top of the 9th over - 0 runs, 1 hit, 0 errors, 1 left on base; Decatur 5 - Waterloo 7 |
|